 Dungeon Crawl Stone Soup version 0.29-a0-649-g45c230d69a (webtiles) character file.

Game seed: 11671315143931210867

933 Essalna the Gusty (level 8, -3/48 HPs)
             Began as a Tengu Air Elementalist on June 21, 2022.
             Slain by an orc warrior
             ... wielding a +0 glaive
              (27 damage)
             ... on level 6 of the Dungeon.
             The game lasted 00:12:40 (6588 turns).

Essalna the Gusty (Tengu Air Elementalist)          Turns: 6588, Time: 00:12:41

Health: -3/48      AC:  3    Str:  8    XL:     8   Next: 11%
Magic:  10/15      EV: 14    Int: 18    God:
Gold:   364        SH:  5    Dex: 15    Spells: 8/15 levels left

rFire   . . .      SeeInvis .   A - +5 dagger
rCold   . . .      Faith    .   m - +0 buckler
rNeg    . . .      Spirit   .   a - +0 robe
rPois   .          Reflect  .   (helmet restricted)
rElec   .          Harm     .   i - +0 cloak
rCorr   .          Rampage  .   (no gloves)
Will    .....                   (boots unavailable)
Stlth   ++........              (no amulet)
HPRegen 0.16/turn               (no ring)
MPRegen 0.14/turn               (no ring)

@: flying quickly and evasively, quick
A: beak, talons 3, nimble flight
a: no special abilities


You were on level 6 of the Dungeon.
You visited 1 branch of the dungeon, and saw 6 of its levels.

You collected 364 gold pieces.

Inventory:

Hand Weapons
 h - a +3 short sword
 A - a +5 dagger (weapon)
Armour
 a - a +0 robe (worn)
 i - a +0 cloak (worn)
 m - a +0 buckler (worn)
Magical Staves
 y - a staff of cold
Wands
 n - a wand of iceblast (5)
 t - a wand of charming (6)
 w - a wand of flame (15)
Scrolls
 c - 6 scrolls of immolation
 d - a scroll of amnesia {unknown}
 g - 3 scrolls of teleportation
 k - a scroll of poison {unknown}
 l - 7 scrolls of identify {unknown}
 o - a scroll of silence {unknown}
 p - a scroll of torment {unknown}
 q - a scroll of vulnerability {unknown}
 v - a scroll of blinking {unknown}
Potions
 b - 3 potions of magic
 e - 2 potions of might {unknown}
 f - a potion of curing
 j - a potion of lignification {unknown}
 r - 2 potions of degeneration {unknown}
 s - a potion of brilliance {unknown}
 u - 2 potions of mutation {unknown}
 x - a potion of flight {unknown}
 z - a potion of heal wounds {unknown}


   Skills:
 + Level 3.8 Fighting
 - Level 2.1 Dodging
 - Level 2.0 Stealth
 + Level 3.8 Shields
 + Level 4.1 Spellcasting
 - Level 4.0 Conjurations
 + Level 7.3 Air Magic


You had 8 spell levels left.
You knew the following spells:

 Your Spells              Type           Power      Damage    Failure   Level
a - Shock                 Conj/Air       96%        1d9       1%          1
b - Static Discharge      Conj/Air       24%        N/A       2%          2
c - Airstrike             Air            15%        N/A       9%          4

Your spell library contained the following spells:

 Spells                   Type           Power      Damage    Failure   Level
 Swiftness                Air            30%        N/A       2%          3
 Magic Dart               Conj           72%        1d6       3%          1
 Mephitic Cloud           Conj/Pois/Air  17%        N/A       12%         3
 Call Imp                 Summ           3%         N/A       28%         2
 Animate Armour           Summ/Erth      6%         N/A       88%         4
 Summon Ice Beast         Ice/Summ       3%         N/A       88%         4
 Irradiate                Conj/Tmut      5%         3d15      92%         5
 Blade Hands              Tmut           1%         N/A       99%         5
 Summon Mana Viper        Hex/Summ       3%         N/A       99%         5
 Iron Shot                Conj/Erth      5%         9d2       100%        6
 Dragon Form              Tmut           1%         N/A       100%        7
 Monstrous Menagerie      Summ           1%         N/A       100%        7


Dungeon Overview and Level Annotations

Branches:
Dungeon (6/15)
 Temple: D:4-7

Altars:
Dithmenos
Hepliaklqana
Sif Muna

Shops:
D:4 :


Innate Abilities, Weirdness & Mutations

You have a beak for a mouth.
You have claws for feet.
Your magical nature lets you fly swiftly and evasively.


Message History

The zap misses the hound.
The zap hits the hound.
The hound is moderately wounded.
The hound bites you. The hound barely misses you.
Casting: Shock (safe; 1% risk of failure)
Confirm with . or Enter, or press ? or * to list all spells.
Aiming: Shock (safe; 1% risk of failure)
Press: ? - help, Shift-Dir - straight line The zap hits the hound.
The hound is severely wounded.
The zap hits the hound.
The hound is almost dead.
You block the hound's attack.
Casting: Shock (safe; 1% risk of failure)
Confirm with . or Enter, or press ? or * to list all spells.
Aiming: Shock (safe; 1% risk of failure)
Press: ? - help, Shift-Dir - straight line The zap misses the hound.
The zap misses the orc warrior.
The zap hits the orc warrior but does no damage.
The zap hits the hound.
You kill the hound!
Casting: Shock (safe; 1% risk of failure)
Confirm with . or Enter, or press ? or * to list all spells.
Aiming: Shock (safe; 1% risk of failure)
Press: ? - help, Shift-Dir - straight line The zap hits the orc warrior!
The orc warrior is moderately wounded.
The zap misses the orc warrior.
The orc warrior hits you from afar with a +0 glaive!!
Casting: Shock (safe; 1% risk of failure)
Confirm with . or Enter, or press ? or * to list all spells.
Aiming: Shock (safe; 1% risk of failure)
Press: ? - help, Shift-Dir - straight line The zap misses the orc warrior.
The zap hits the orc.
The orc is heavily wounded.
The zap hits the orc.
You kill the orc!
The zap misses the orc warrior.
The orc warrior hits you from afar with a +0 glaive!!
Ouch! That really hurt!
You die...

#.# #### #..
######..## ..
##..##....#
###.##
#..[.oo...#
.....
#....##..##
#..#####..###'#+
#.##..#'## .h#
#.'@.o)## .)..
#.#....# .....
#.##..##(.o8..!
#..##+##(.o...?
##.# ##.....##
#.# #.# #.##
#..####


You could see an orc warrior.

Vanquished Creatures
  Edmund (D:5)
  A black bear (D:5)
  2 scorpions
  A wight (D:6)
  2 hounds
  5 quasits
  2 orc priests
  4 orc wizards
  4 adders
  3 shadow imps (D:5)
  A white imp (D:5)
  3 ufetubi (D:5)
  A worm (D:4)
  A dart slug (D:2)
  9 orcs
  8 bats
  3 endoplasms
  2 giant cockroaches
  8 goblins
  7 hobgoblins
  8 kobolds
  4 quokkas
  4 ball pythons
  7 frilled lizards
  24 rats
115 creatures vanquished.

Vanquished Creatures (others)
  5 demonic plants (D:5)
5 creatures vanquished.

Grand Total: 120 creatures vanquished

Notes
Turn   | Place    | Note
-------+----------+-------------------------------------------
     0 | D:1      | Essalna the Tengu Air Elementalist began the quest for the
                  | Orb.
     0 | D:1      | Reached XP level 1. HP: 10/10 MP: 4/4
   254 | D:1      | Reached XP level 2. HP: 15/15 MP: 6/6
   303 | D:1      | Learned a level 2 spell: Static Discharge
  1063 | D:1      | Reached XP level 3. HP: 19/19 MP: 5/7
  1312 | D:2      | Reached skill level 5 in Air Magic
  1432 | D:2      | Found a faded altar of an unknown god.
  2072 | D:3      | Reached XP level 4. HP: 24/24 MP: 4/8
  2078 | D:3      | Learned a level 4 spell: Airstrike
  2784 | D:3      | Found a shadowy altar of Dithmenos.
  2784 | D:3      | Noticed a shadow
  2797 | D:3      | Found a hazy altar of Hepliaklqana.
  2827 | D:3      | Reached skill level 1 in Fighting
  2827 | D:3      | Reached skill level 1 in Shields
  2906 | D:3      | Gained mutation: Your magical nature lets you fly swiftly
                  | and evasively. [Tengu growth]
  2906 | D:3      | Reached XP level 5. HP: 27/29 MP: 4/9
  3999 | D:4      | Reached XP level 6. HP: 24/35 MP: 1/11
  4117 | D:4      | Found Cikiboe's Book Boutique.
  4554 | D:5      | Entered Level 5 of the Dungeon
  4555 | D:5      | Noticed an ice beast
  4725 | D:5      | Reached skill level 6 in Air Magic
  5159 | D:5      | Noticed Edmund
  5205 | D:5      | Noticed a black bear
  5563 | D:5      | Reached XP level 7. HP: 36/40 MP: 7/12
  5742 | D:5      | Killed Edmund
  5982 | D:5      | Found a shimmering blue altar of Sif Muna.
  6002 | D:5      | Reached skill level 7 in Air Magic
  6355 | D:6      | Reached XP level 8. HP: 24/48 MP: 8/15
  6588 | D:6      | Slain by an orc warrior

Illustrated notes

Levels and vault maps discovered:
D:1:      nzn_arrival_depleted_hourglass, layout_basic, roderic_serpentine_path,
          minmay_misc_feat_doors
D:2:      layout_rooms, ebering_ecumenical_altar_rust, serial_rivers,
          chequers_serial_rivers_micro_e, chequers_serial_rivers_marsh,
          chequers_serial_rivers_micro_d, chequers_serial_rivers_micro_d,
          chequers_serial_rivers_micro_d, chequers_serial_rivers_micro_e
D:3:      layout_loops_ring, riverfiend_overflow_shadow_ancestor,
          minmay_rat_hole
D:4:      layout_gridville, nicolae_stop_n_shop_1
D:5:      layout_rooms, led_sif_book, serial_demonic, serial_demonic_f,
          serial_demonic_c, serial_demonic_f, serial_demonic_f,
          serial_demonic_e, serial_demonic_f, serial_demonic_d, uniq_edmund
D:6:      minmay_bubble_buster, layout_basic, st_stairs_7

Skill      XL: |  1  2  3  4  5  6  7 |
---------------+----------------------+-----
Conjurations   | 2 3 4 |  4.0
Air Magic      | 5 6 7 |  7.3
Fighting       | 1 2 3 |  3.8
Shields        | 1 2 3 |  3.8
Spellcasting   | 3 4 |  4.1
Dodging        | |  2.1
Stealth        | |  2.0

Action                   |  1- 3 |  4- 6 |  7- 9 || total
-------------------------+-------+-------+-------++-------
Melee: Short sword       |    10 |    10 |       ||    20
       Kick              |     3 |     3 |       ||     6
       Peck              |       |     2 |       ||     2
 Cast: Shock             |    76 |   145 |    55 ||   276
       Static Discharge  |       |     3 |     2 ||     5
  Use: Scroll            |       |     3 |       ||     3
       Potion            |       |       |     2 ||     2
Armor: Robe              |     8 |    20 |     5 ||    33
Dodge: Dodged            |     5 |    66 |    12 ||    83
Block: Buckler           |       |    17 |     4 ||    21

Table legend: (Time is in decaauts)
 A = Elapsed time spent in this place.
 B = Non-inter-level travel time spent in this place.
 C = Inter-level travel time spent in this place.
 D = Time resting spent in this place.
 E = Time spent auto-exploring this place.
 F = Levels seen in this place.
 G = Mean time per level.
                   A        B        C        D        E       F      G
               +--------+--------+--------+--------+--------+-----+--------+
         Total |   6445 |   6229 |    216 |    522 |   4960 |   6 | 1074.2 |
       Dungeon |   6445 |   6229 |    216 |    522 |   4960 |   6 | 1074.2 |
               +--------+--------+--------+--------+--------+-----+--------+

Top non-repeatable levels by time:
     D:3: 1713 daAuts
     D:1: 1242 daAuts
     D:4: 1178 daAuts
     D:5: 1155 daAuts
     D:2: 791 daAuts
     D:6: 363 daAuts
